[Event "*** Titled Tuesday 3|2 Blitz"]
[Site "Chess.com"]
[Date "2017.03.07"]
[Round "11"]
[White "oggy1984"]
[Black "MatBobula"]
[Result "1-0"]
[WhiteElo "2357"]
[BlackElo "2275"]
[TimeControl "180+2"]
[EndTime "15:37:48 PST"]
[Termination "oggy1984 won by resignation"]

1. e4 e6 2. d4 d5 3. e5 c5 4. c3 Qb6 5. Nf3 Bd7 6. a3 Bb5 7.
c4 Bxc4 8. Bxc4 dxc4 9. d5 exd5 10. Qxd5 Nc6 11. O-O Nge7 12. Qxc4 Ng6 13. Nc3 O-O-O 14.
Qxf7 Qc7 15. Qf5+ Kb8 16. Nb5 Qc8 17. e6 Be7 18. Bf4+ Nxf4 19. Qxf4+ Ka8 20. Rfe1 a6 21. a4 Rhf8 22. Qg3 Nb4 23. Re2 Rd3 24. Qxg7 Rdxf3 25. Qxe7 R3f6 26. Nd6 Qc6 27. g3 Nd5 28. Qd7 Qxd7 29. exd7 Rxd6 30. Re8+ Ka7 31. Rxf8 Rxd7 32. Rd1 b5 33. axb5 axb5 34. Rf5 Nb6 35. Rxd7+ Nxd7 36.
Rf7 1-0

[Event "*** Titled Tuesday 3|2 Blitz"]
[Site "Chess.com"]
[Date "2017.03.07"]
[Round "11"]
[White "Journey_to_GrandMaster_YT"]
[Black "JeremDev"]
[Result "0-1"]
[WhiteElo "2346"]
[BlackElo "2245"]
[TimeControl "180+2"]
[EndTime "15:37:49 PST"]
[Termination "JeremDev won by resignation"]

1. Nf3 g6 2. g3 Bg7 3. Bg2 e5 4.
O-O Ne7 5. c4 O-O 6. Nc3 d6 7.
d4 exd4 8. Nxd4 Nbc6 9. Nb3 Be6 10. c5 d5 11. Bg5 h6 12. Bf4 g5 13. Bd2 Ne5 14.
Nd4 Bg4 15. Nc2 c6 16. Bc1 Nc4 17. Qd3 Bf5 18. Qd1 Bg6 19. Ne1 f5 20. e3 Qa5 21.
Nd3 Rae8 22. b4 Qc7 23. Qc2 Kh7 24. Rb1 a6 25. Ne2 Ng8 26. a4 Nf6 27. b5 axb5 28.
axb5 Ne4 29. Nd4 f4 30. bxc6 bxc6 31. Qe2 Nc3 32. Qc2 Nxb1 33. Qxb1 fxe3 34. fxe3 Rxf1+ 35.
Bxf1 Nxe3 36. Nf3 Nxf1 37. Kxf1 Qf7 38. Kg2 Qf5 39. Nfe1 Rxe1 0-1

[Event "*** Titled Tuesday 3|2 Blitz"]
[Site "Chess.com"]
[Date "2017.03.07"]
[Round "11"]
[White "proxy6"]
[Black "AlexZambrano"]
[Result "0-1"]
[WhiteElo "2168"]
[BlackElo "2292"]
[TimeControl "180+2"]
[EndTime "15:38:01 PST"]
[Termination "AlexZambrano won by resignation"]

1. e4 e5 2. Nf3 Nc6 3. Bb5 a6 4.
Ba4 Nf6 5. O-O Be7 6. Re1 b5 7. Bb3 d6 8. c3 O-O 9. h3 Bb7 10. d4 Re8 11. Nbd2 Bf8 12. d5 Nb8 13. Nf1 Nbd7 14.
N3h2 Nc5 15. Bc2 c6 16. dxc6 Bxc6 17. Bg5 Ne6 18. Bxf6 Qxf6 19. Ng4 Qd8 20. Ng3 Nf4 21. Nf5 h5 22. Nge3 g6 23. Ng3 Qg5 24. Qf3 Re6 25.
Ne2 Rf6 26. Nxf4 Rxf4 27. Qg3 Qf6 28. f3 Be7 29. Rad1 Bd8 30. Kh1 Bb6 31. Re2 a5 32.
Bb3 Rd8 33. Bd5 Bd7 34. Nc2 h4 35. Qe1 Kg7 36. Red2 Bxh3 37. gxh3 Rxf3 38. Rh2 Rh8 39. Qe2 Rh5 40. Qxb5 Rg5 41. Qe2 Rgg3 42. b4 Qg5 43.
Rf1 Rg1+ 0-1

[Event "*** Titled Tuesday 3|2 Blitz"]
[Site "Chess.com"]
[Date "2017.03.07"]
[Round "11"]
[White "Generalas"]
[Black "rpragchess"]
[Result "0-1"]
[WhiteElo "2179"]
[BlackElo "2198"]
[TimeControl "180+2"]
[EndTime "15:38:06 PST"]
[Termination "rpragchess won by resignation"]

1. e4 c5 2. c3 Nf6 3. e5 Nd5 4.
d4 cxd4 5. cxd4 Nc6 6. Nc3 Nxc3 7.
bxc3 d5 8. f4 g6 9. Nf3 Bg7 10.
Bd3 O-O 11. O-O f6 12. Qe2 fxe5 13. Nxe5 Nxe5 14. fxe5 Bf5 15. Bxf5 gxf5 16. Bg5 Qe8 17. e6 Qg6 18. Qe3 h6 19. Bh4 Kh7 20. Rae1 Rg8 21.
Qf3 f4 22. Qxd5 Rac8 23. Bxe7 Rxc3 24. Qe4 Bxd4+ 25. Kh1 Be3 26. Qxg6+ Rxg6 27. Bh4 Rxe6 28. Rxf4 Bxf4 29. Rxe6 Rc1+ 30. Re1 Rc2 31. g3 Bd6 32. Rd1 Bc5 33. a4 Ra2 34. Rd7+ Kg6 35. Rxb7 Rxa4 36.
Bd8 Ra2 37. Rb5 Bd4 38. Bc7 a6 39. Rd5 Ba7 40. Bf4 h5 41. Rg5+ Kf6 42. Rxh5 a5 43. Rh6+ Kf5 44. Ra6 Bd4 45. Rd6 Ke4 46. Re6+ Kf3 47.
Re1 a4 48. Rd1 a3 49. h4 Bf6 50. Rd3+ Kf2 51. Kh2 Be7 52. Kh3 Re2 53. Rd7 a2 54. Ra7 Bf6 55. Bg5 a1=Q 56. Rf7 Re6 57. Kg4 Kg2 58. Kf5 Qe5+ 59. Kg6 Bxg5+ 0-1

[Event "*** Titled Tuesday 3|2 Blitz"]
[Site "Chess.com"]
[Date "2017.03.07"]
[Round "11"]
[White "PelinGorki"]
[Black "VMikhalevski"]
[Result "0-1"]
[WhiteElo "2425"]
[BlackElo "2549"]
[TimeControl "180+2"]
[EndTime "15:38:15 PST"]
[Termination "VMikhalevski won by resignation"]

1. e4 e5 2. Nc3 Nf6 3. Bc4 Bc5 4.
d3 d6 5. f4 Nc6 6. Nf3 Bg4 7.
Na4 Bb6 8. Nxb6 axb6 9. c3 O-O 10.
a3 exf4 11. Bxf4 d5 12. exd5 Re8+ 13. Kf2 Nxd5 14. Bg3 Ne3 15. Qb3 Qf6 16. Rhe1 Nxg2 17. Kxg2 Qxf3+ 18. Kg1 Na5 19. Qb5 c6 20. Qg5 Nxc4 21.
dxc4 Bh3 22. Bc7 Re2 23. Rxe2 Qxe2 24. Qg3 Bf5 25. Re1 Qxb2 26. Bb8 f6 27. Qc7 h5 28. Qf4 Bg6 29. Qg3 Kh7 30. Bd6 Qd2 31. Bf4 Qc2 32. Bc1 Rd8 33. Qf3 Rd3 34. Qf4 Qxc3 35. Re7 Rd1+ 36.
Kf2 Qxc1 37. Qc7 Qd2+ 38. Re2 Qd4+ 39. Re3 Be4 40. Qf4 Rd2+ 41. Kg3 Rd3 0-1

[Event "*** Titled Tuesday 3|2 Blitz"]
[Site "Chess.com"]
[Date "2017.03.07"]
[Round "11"]
[White "littleozy"]
[Black "Abrito99"]
[Result "0-1"]
[WhiteElo "2307"]
[BlackElo "2405"]
[TimeControl "180+2"]
[EndTime "15:38:21 PST"]
[Termination "Abrito99 won by resignation"]

1. d4 Nf6 2. c4 g6 3. Nc3 Bg7 4. e4 d6 5. Bd3 O-O 6. Nge2 e5 7. d5 a5 8. O-O Nbd7 9. Bc2 Nc5 10.
Be3 Bd7 11. Kh1 Ng4 12. Bxc5 Qh4 13. h3 dxc5 14. Kg1 Nf6 15. Qd3 Nh5 16. Rad1 Rad8 17.
Ba4 Bc8 18. Qe3 Nf4 19. Qf3 f5 20. Nxf4 fxe4 21. Nxg6 hxg6 22. Qxe4 Rf4 23. Qe3 Rxc4 24. Bb3 Rd4 25. Ne2 Rxd1 26. Rxd1 c4 27. Bc2 Bf5 28. Bxf5 gxf5 29. Qc5 Rd7 30. Ng3 f4 31. Qxc4 Kh8 32. Nf5 Qh5 33. Nxg7 Qxd1+ 34. Kh2 Rxg7 35. Qe4 Qh5 36. d6 Qg6 37. Qd5 Qxd6 38. Qxb7 Qg6 39. Qa8+ Kh7 40. b3 e4 41. g4 fxg3+ 0-1

[Event "*** Titled Tuesday 3|2 Blitz"]
[Site "Chess.com"]
[Date "2017.03.07"]
[Round "11"]
[White "macko06"]
[Black "Buffy7"]
[Result "1-0"]
[WhiteElo "2370"]
[BlackElo "2483"]
[TimeControl "180+2"]
[EndTime "15:38:25 PST"]
[Termination "macko06 won by resignation"]

1. e4 c5 2. Nf3 Nc6 3. d4 cxd4 4.
Nxd4 Nf6 5. Nc3 e5 6. Ndb5 d6 7. Bg5 a6 8. Na3 Be6 9. Nc4 Rb8 10. Ne3 Be7 11. Bc4 b5 12. Bb3 O-O 13. O-O Nd4 14.
Bxf6 Bxf6 15. Ncd5 Bg5 16. c3 Nc6 17. Nf5 Kh8 18. Qe2 g6 19. Nfe3 Bh6 20. Rad1 Na5 21. Rd3 Qh4 22. f3 Nb7 23. Rdd1 Nc5 24. Bc2 a5 25. b4 axb4 26. cxb4 Nd7 27. a3 Ra8 28. Rd3 Rfc8 29. Bb3 Rc6 30. Qb2 Rac8 31. Rfd1 f5 32.
g3 Qd8 33. exf5 gxf5 34. f4 Bg7 35. Qg2 e4 36. R3d2 Ra8 37. g4 Rxa3 38. gxf5 Bg8 39. Ba2 Nf6 40. Nxf6 Bxa2 41. Nh5 Bh6 42. Rxa2 Rxe3 43.
Qb2+ Rcc3 44. Ra3 Qc7 45. Ra8+ 1-0

[Event "*** Titled Tuesday 3|2 Blitz"]
[Site "Chess.com"]
[Date "2017.03.07"]
[Round "11"]
[White "mwpchess"]
[Black "aa175"]
[Result "1-0"]
[WhiteElo "2371"]
[BlackElo "1868"]
[TimeControl "180+2"]
[EndTime "15:38:27 PST"]
[Termination "mwpchess won by checkmate"]

1. e4 e5 2. Nf3 Nc6 3. d4 exd4 4.
Nxd4 Nxd4 5. Qxd4 d6 6. Nc3 Nf6 7. Bc4 Be7 8. O-O O-O 9. a4 Nd7 10. Bf4 Bf6 11. Qd2 Nc5 12. Rae1 Be6 13. Bxe6 Nxe6 14. Bg3 Nc5 15. b3 Re8 16. f3 c6 17. Rd1 Qb6 18. Bf2 Rad8 19. Kh1 Qb4 20. Ne2 Qxd2 21. Rxd2 b6 22. Rfd1 Nb7 23. Nd4 Rc8 24.
Nf5 d5 25. exd5 cxd5 26. Bd4 Bxd4 27. Nxd4 Re5 28. Kg1 Rc5 29. Kf2 f6 30. Ne2 Re7 31. c3 Rd7 32. Rd3 Kf7 33. Nf4 g5 34. Nxd5 Rd6 35.
Ne3 Rxc3 36. Rxd6 Nxd6 37. Rxd6 Rxb3 38. Rd7+ Kg6 39. Rxa7 Ra3 40. Ra6 Rb3 41. Nd5 Rb2+ 42. Kf1 Rb1+ 43. Kf2 Rb2+ 44. Kg3 b5 45. axb5 Rxb5 46.
Rxf6+ Kg7 47. Rd6 h5 48. h4 gxh4+ 49. Kxh4 Rb2 50. Nf4 Rb4 51. Kg3 Rb5 52. Rd5 h4+ 53.
Kxh4 Rb4 54. Kg5 Rb2 55. g4 Kg8 56. Rd6 Rb5+ 57. Kg6 Rb4 58. Rd8# 1-0

[Event "*** Titled Tuesday 3|2 Blitz"]
[Site "Chess.com"]
[Date "2017.03.07"]
[Round "11"]
[White "StellarChessPro"]
[Black "arna"]
[Result "0-1"]
[WhiteElo "2338"]
[BlackElo "2257"]
[TimeControl "180+2"]
[EndTime "15:38:29 PST"]
[Termination "arna won by resignation"]

1. d4 d5 2. Nf3 Nf6 3. Bf4 c5 4. c3 Nc6 5. e3 Qb6 6. Qc1 Bf5 7.
Be2 Nh5 8. Bg3 Nxg3 9. hxg3 h6 10. O-O e6 11. Nbd2 Be7 12. Bd1 O-O 13. Bc2 Bxc2 14.
Qxc2 f5 15. dxc5 Bxc5 16. Nd4 Ne5 17. N2b3 Be7 18. a4 Rf6 19. a5 Qc7 20. Nd2 Rc8 21. a6 b6 22. Qb3 Qd7 23. Rfd1 Ng4 24. Qb5 Qc7 25. Rac1 Rg6 26. Nf1 Ne5 27. b3 h5 28.
Nh2 h4 29. gxh4 Bxh4 30. Ndf3 Bf6 31. c4 dxc4 32. bxc4 Nd7 33. Nd4 Nc5 34. Nhf3 Rh6 35.
Nxe6 Nxe6 36. Qxf5 Qf7 37. c5 bxc5 38. Rb1 Rc7 39. Rb8+ Nf8 40. Rdb1 Qh5 41. Qxh5 Rxh5 42. R1b7 Rf7 43. Rxf7 Kxf7 44. Rb7+ Ke6 45. Rxa7 c4 46. Ra8 Nd7 47. a7 Nb6 48. Re8+ Kd7 49. a8=Q Nxa8 50. Rxa8 Rc5 51. Ra1 Bxa1 52. Kf1 Bf6 53. Ke2 Rd5 54. e4 Rd6 55. Ke3 c3 56. e5 Re6 57. Kd3 Bxe5 58. Ng5 Rd6+ 59. Kc2 Rd2+ 60. Kb3 c2 61. Ne4 c1=Q 0-1

[Event "*** Titled Tuesday 3|2 Blitz"]
[Site "Chess.com"]
[Date "2017.03.07"]
[Round "11"]
[White "RoelandPruijssers"]
[Black "morphy1984"]
[Result "1-0"]
[WhiteElo "2511"]
[BlackElo "2474"]
[TimeControl "180+2"]
[EndTime "15:38:30 PST"]
[Termination "RoelandPruijssers won by resignation"]

1. e4 e5 2. Nf3 Nc6 3. Bb5 f5 4.
d3 fxe4 5. dxe4 Nf6 6. O-O Bc5 7. Bxc6 bxc6 8. Nxe5 O-O 9. Nc3 d6 10. Nd3 Bb6 11. Qe1 Re8 12. Bg5 h6 13. Bh4 Qe7 14.
Kh1 Ba6 15. f3 Qf7 16. Bf2 Nh5 17. Bxb6 axb6 18. Qd2 d5 19. exd5 cxd5 20. Rfe1 Bxd3 21. Qxd3 c6 22. Qd4 Rab8 23. b4 Nf4 24. Rxe8+ Rxe8 25. Qxb6 Qf6 26. Qc5 Re2 27. Rg1 Rxc2 28. Nxd5 Qb2 29. Ne7+ Kf7 30. Qf5+ Kxe7 31. Qxf4 Qxa2 32. Re1+ Re2 33.
Rd1 Qe6 34. Qc7+ Kf6 35. Qd8+ Kg6 36. Qd3+ Kf6 37. Qc3+ Kf7 38. h3 Re3 39. Qd2 Rb3 40. Qf4+ Kg6 41. Rd6 1-0

[Event "*** Titled Tuesday 3|2 Blitz"]
[Site "Chess.com"]
[Date "2017.03.07"]
[Round "11"]
[White "MattyDPerrine"]
[Black "Makalexa"]
[Result "1-0"]
[WhiteElo "2230"]
[BlackElo "2149"]
[TimeControl "180+2"]
[EndTime "15:38:31 PST"]
[Termination "MattyDPerrine won by resignation"]

1. Nf3 Nf6 2. g3 g6 3. Bg2 Bg7 4. O-O O-O 5. d4 c5 6. c4 Nc6 7.
d5 Na5 8. Qa4 d6 9. Bd2 b6 10.
Bxa5 bxa5 11. Nc3 Bd7 12. Qa3 Rb8 13. Nd2 Qb6 14. Nb3 a4 15. Nxa4 Qb4 16. Nc3 Qxa3 17. bxa3 Ng4 18. Rac1 Ne5 19. Ne4 Ba4 20. Ned2 Bh6 21.
f4 Ng4 22. Rf3 Bg7 23. h3 Nf6 24. Re3 Rfe8 25. Rd3 Nd7 26. Rc2 Nb6 27. e4 h5 28.
h4 Nd7 29. Kf2 Nf6 30. Ke2 Ng4 31. Nf3 Rb6 32. Bh3 Reb8 33. Nfd2 Nf6 34. e5 dxe5 35.
fxe5 Nd7 36. Bxd7 Bxe5 37. Bxa4 Rf6 38. Ne4 Ra6 39. Nbxc5 Ra5 40. Bb5 Rc8 41. Nd7 Bd6 42.
a4 a6 43. Bc6 Kg7 44. c5 Bc7 45.
Nb6 Bxb6 46. cxb6 f5 47. Nc5 Kf6 48. b7 Rb8 49. Nd7+ Kg7 50. Nxb8 1-0

[Event "*** Titled Tuesday 3|2 Blitz"]
[Site "Chess.com"]
[Date "2017.03.07"]
[Round "11"]
[White "rasmussvane"]
[Black "AnthonyWirig"]
[Result "1-0"]
[WhiteElo "2508"]
[BlackElo "2531"]
[TimeControl "180+2"]
[EndTime "15:38:31 PST"]
[Termination "rasmussvane won by resignation"]

1. Nf3 c5 2. c4 g6 3. d4 Bg7 4. e4 d6 5. Nc3 Qa5 6. Be2 Nc6 7. d5 Nd4 8. Bd2 Nxe2 9. Qxe2 Qd8 10. e5 dxe5 11. Nxe5 Nf6 12. O-O O-O 13. Rad1 Ne8 14.
Bf4 Nd6 15. Ne4 Nxe4 16. Qxe4 Bf5 17. Qe3 Qb6 18. b3 Rfe8 19. Nf3 Bg4 20. h3 Bxf3 21.
Qxf3 e5 22. Be3 e4 23. Qe2 Qd6 24. a3 a5 25. Qd2 f5 26. b4 axb4 27. axb4 b6 28. Rb1 Rac8 29. bxc5 bxc5 30. Rb7 Be5 31. g3 Rc7 32. Rfb1 Rxb7 33. Rxb7 Re7 34. Rb5 Rc7 35. Kg2 Kf7 36. Qa5 Bd4 37. Bf4 Be5 38. Rb6 Bxf4 39. Rxd6 Bxd6 40. Qa8 Be7 41. Qb8 Rd7 42. Qc8 Rd8 43.
Qe6+ Kf8 44. g4 Rd6 45. Qc8+ Rd8 46. Qe6 Rd6 47. Qe5 Rf6 48. g5 Rb6 49. Qh8+ Kf7 50.
Qxh7+ Kf8 51. h4 f4 52. h5 gxh5 53. g6 1-0

[Event "*** Titled Tuesday 3|2 Blitz"]
[Site "Chess.com"]
[Date "2017.03.07"]
[Round "11"]
[White "GianmarcoVaR"]
[Black "TheNextLevelFan"]
[Result "1-0"]
[WhiteElo "2447"]
[BlackElo "2392"]
[TimeControl "180+2"]
[EndTime "15:38:35 PST"]
[Termination "GianmarcoVaR won by resignation"]

1. d4 Nf6 2. c4 e6 3. g3 d5 4. Bg2 Be7 5. Nf3 O-O 6. O-O dxc4 7. Qc2 a6 8. a4 Bd7 9. Qxc4 Bc6 10. Bg5 Nbd7 11. Nc3 h6 12. Bxf6 Nxf6 13. Rfd1 Bd6 14. e3 Qe7 15. Qe2 Bb4 16. Ne5 Bxg2 17. Kxg2 c5 18. Rac1 Rac8 19. Na2 cxd4 20. Rxc8 Rxc8 21. Nxb4 Qxb4 22. Rxd4 Qa5 23. Nf3 e5 24. b4 Qxa4 25. Nxe5 Qe8 26. Nc4 Qe6 27. Qd3 g6 28. e4 b5 29. Ne3 Re8 30. Nd5 Nxd5 31. exd5 Qd6 32. Re4 Rd8 33. Qd4 Kh7 34. Re5 Rc8 35. Re4 Rc4 36.
Qe3 Qxd5 37. f3 Rc2+ 38. Kh3 Qf5+ 39. g4 Qf6 40. Rf4 Qg7 41. Qe7 Kg8 42. Rf6 Rb2 43. Rxa6 Qf8 44. Qe4 Qxb4 45. Ra8+ Kg7 46. Qe5+ f6 47.
Qc7+ 1-0

[Event "*** Titled Tuesday 3|2 Blitz"]
[Site "Chess.com"]
[Date "2017.03.07"]
[Round "11"]
[White "kleinebeer98"]
[Black "GMMelik"]
[Result "0-1"]
[WhiteElo "2510"]
[BlackElo "2461"]
[TimeControl "180+2"]
[EndTime "15:38:38 PST"]
[Termination "GMMelik won by resignation"]

1. e4 e5 2. Nf3 Nc6 3. Bb5 f5 4.
Nc3 fxe4 5. Nxe4 Nf6 6. Qe2 d5 7.
Nxf6+ gxf6 8. d4 Bg7 9. dxe5 O-O 10. Bxc6 bxc6 11. e6 Re8 12. O-O Bxe6 13. Nd4 Qd7 14. Qf3 c5 15. Nb3 c4 16. Nc5 Qd6 17. Be3 Bf7 18.
Rad1 c6 19. Bd4 Bg6 20. c3 Rab8 21. b4 cxb3 22. axb3 Rb5 23. b4 a5 24. Na6 axb4 25.
cxb4 c5 26. Nxc5 Rxb4 27. Be3 d4 28. Nb7 Qb6 29. Rxd4 Qxb7 30. Rxb4 Qxb4 31. Rc1 Qe4 32. Qg3 Bh6 33. Re1 Bxe3 34. fxe3 Rc8 35. h4 h5 36.
Rf1 Kg7 37. Rf4 Rc1+ 38. Kh2 Qb1 39. Qf2 Rh1+ 40. Kg3 Qb8 41. Qd2 Qe5 42. Qd7+ Bf7 43. Qd2 Rf1 44. Kh2 Rxf4 45. exf4 Qe4 46. Qf2 Bd5 47.
Qg3+ Kf7 48. Qf2 Ke6 49. Kh3 Kf5 50. Qd2 Qxg2+ 0-1

[Event "*** Titled Tuesday 3|2 Blitz"]
[Site "Chess.com"]
[Date "2017.03.07"]
[Round "11"]
[White "MateusViageiro"]
[Black "amaidel"]
[Result "0-1"]
[WhiteElo "2218"]
[BlackElo "2433"]
[TimeControl "180+2"]
[EndTime "15:38:38 PST"]
[Termination "amaidel won by resignation"]

1. d4 f5 2. Nf3 Nf6 3. g3 g6 4. Bg2 Bg7 5. O-O O-O 6. c4 d6 7. d5 Qe8 8. Nc3 Na6 9. Be3 Bd7 10. a3 c6 11. Bd4 c5 12. Be3 Nc7 13. Rb1 b5 14. b4 cxb4 15. axb4 bxc4 16. Nd4 Ng4 17. Qd2 Nxe3 18. Qxe3 Rb8 19. Rfc1 Kh8 20. Kh1 a6 21. f4 Nb5 22. Ncxb5 axb5 23. Nc6 Rb7 24. Na5 Rc7 25. Qb6 Qb8 26. Qf2 e5 27. dxe6 Bxe6 28. e4 fxe4 29. Bxe4 d5 30. Bg2 Bf5 31. Bxd5 Bxb1 32. Rxb1 Rd8 33. Bg2 Rd6 34. Re1 Qd8 35. Nb7 Rxb7 36. Bxb7 Bc3 37. Re2 Rd1+ 38. Kg2 Bd4 39. Qf3 Rg1+ 40.
Kh3 Qd7+ 41. g4 h5 42. Rg2 hxg4+ 43. Qxg4 Qxb7 44. Rxg1 Bxg1 45. Qxg1 Qf3+ 46. Qg3 Qxg3+ 47. hxg3 c3 0-1

[Event "*** Titled Tuesday 3|2 Blitz"]
[Site "Chess.com"]
[Date "2017.03.07"]
[Round "11"]
[White "eldur16"]
[Black "DrVelja"]
[Result "1-0"]
[WhiteElo "2360"]
[BlackElo "2496"]
[TimeControl "180+2"]
[EndTime "15:38:41 PST"]
[Termination "eldur16 won by resignation"]

1. c4 e5 2. g3 Nc6 3. Bg2 Nf6 4.
Nc3 g6 5. Nf3 Bg7 6. O-O O-O 7.
d4 exd4 8. Nxd4 Nxd4 9. Qxd4 Re8 10. Qh4 Re5 11. Bf3 Re6 12. Bg5 Qf8 13. Rad1 h6 14. Bc1 g5 15. Qd4 Ne4 16. Qd3 Nxc3 17. bxc3 d6 18.
Bg2 Qe8 19. e4 Bd7 20. f4 Bc6 21. fxg5 hxg5 22. Bxg5 Bxe4 23. Bxe4 Rxe4 24. Bf6 Qe6 25. Bd4 Re8 26. Rd2 Re1 27. Rf2 Bh6 28. Rxe1 Qxe1+ 29. Kg2 c5 30. Bf6 Qe4+ 31. Rf3 Qxd3 32. Rxd3 Re2+ 33. Kh3 Re6 34. Bd8 Bf8 35. Bc7 f5 36.
g4 Re7 37. Bb8 Rh7+ 38. Kg3 fxg4 39. Kxg4 Rxh2 40. a4 Rh6 41. Kg5 Rf6 42. Kxf6 Bg7+ 43. Ke6 Bf8 44. Bxd6 Bg7 45. Rg3 Kh7 46. Kf7 Kh6 47.
Rxg7 Kh5 48. Kf6 Kh4 49. Kf5 Kh3 50. Kf4 Kh4 1-0

[Event "*** Titled Tuesday 3|2 Blitz"]
[Site "Chess.com"]
[Date "2017.03.07"]
[Round "11"]
[White "gkchesstiger"]
[Black "Ginger_GM"]
[Result "1-0"]
[WhiteElo "2642"]
[BlackElo "2507"]
[TimeControl "180+2"]
[EndTime "15:38:43 PST"]
[Termination "gkchesstiger won by resignation"]

1. c4 f5 2. Nc3 Nf6 3. d3 e5 4. e4 fxe4 5. dxe4 Nc6 6. Be3 Bb4 7.
Bd3 d6 8. f3 Nh5 9. Ne2 Qh4+ 10. Bf2 Qg5 11. O-O Bxc3 12. bxc3 b6 13. Kh1 O-O 14.
Re1 Be6 15. Ng3 Nf4 16. Bf1 h5 17. Be3 Na5 18. Qa4 Qg6 19. c5 h4 20. Nf5 Bxf5 21.
exf5 Qxf5 22. cxd6 cxd6 23. Rad1 Rad8 24. h3 g5 25. Bf2 Kg7 26. Rd2 d5 27. Rxe5 Qg6 28. Re7+ Rf7 29. Bd4+ Kh6 30. Re8 Rf8 31. Rxf8 Rxf8 32.
Rd1 Nh5 33. Bd3 Ng3+ 34. Kg1 Qe6 35. Bf2 Re8 36. f4 Nc4 37. fxg5+ Kxg5 38. Bxc4 dxc4 39.
Qxa7 Re7 40. Qb8 Ne2+ 41. Kh1 Nxc3 42. Rd6 Qf7 43. Qxb6 Ne4 44. Be3+ Kf5 45. Rd1 Ng3+ 46. Kg1 Qe6 47. Qc5+ Qe5 48. Rd5 Ne2+ 49. Kf2 c3 50. Rxe5+ Rxe5 1-0

[Event "*** Titled Tuesday 3|2 Blitz"]
[Site "Chess.com"]
[Date "2017.03.07"]
[Round "11"]
[White "Fandorine"]
[Black "GGuseinov"]
[Result "1-0"]
[WhiteElo "2659"]
[BlackElo "2691"]
[TimeControl "180+2"]
[EndTime "15:38:47 PST"]
[Termination "Fandorine won by resignation"]

1. e4 c5 2. Nf3 Nc6 3. Bb5 g6 4.
Bxc6 bxc6 5. O-O Bg7 6. Re1 Nh6 7. c3 O-O 8. h3 f5 9. e5 Nf7 10. d3 Rb8 11. c4 e6 12. Nc3 g5 13. Be3 g4 14.
hxg4 fxg4 15. Nh2 Nxe5 16. Nxg4 Nxg4 17. Qxg4 Rxb2 18. Bxc5 d6 19. Be3 Kh8 20. Ne4 e5 21. Qh5 Bf5 22. Rab1 Bg6 23. Qh3 Bf5 24. Qh5 Bg6 25. Qh3 Bf5 26. Qg3 Rxb1 27. Rxb1 Qd7 28. c5 d5 29. Nd6 Bg6 30. Rb7 Qe6 31. Qh4 Bxd3 32. Rxa7 Qg6 33. Bg5 Bf5 34. Qg3 d4 35. Be7 Rb8 36. Nxf5 Qxf5 37. Bd6 Rg8 38. Rxg7 Rxg7 39.
Bxe5 Qd7 40. Qxg7+ Qxg7 41. Bxg7+ Kxg7 42. a4 d3 43. Kf1 d2 44. Ke2 d1=Q+ 45. Kxd1 Kf6 46. a5 1-0

[Event "*** Titled Tuesday 3|2 Blitz"]
[Site "Chess.com"]
[Date "2017.03.07"]
[Round "11"]
[White "SabinaFoisor"]
[Black "CM_Perligero"]
[Result "0-1"]
[WhiteElo "2177"]
[BlackElo "2155"]
[TimeControl "180+2"]
[EndTime "15:39:28 PST"]
[Termination "CM_Perligero won by checkmate"]

1. d4 Nf6 2. c4 e6 3. Nc3 d5 4.
cxd5 exd5 5. Bg5 c6 6. e3 Nbd7 7. Bd3 Bb4 8. Ne2 O-O 9. O-O Bd6 10. Qc2 h6 11. Bh4 Qc7 12. Bg3 a6 13. Rad1 Re8 14.
Qd2 Nh5 15. Bxd6 Qxd6 16. a3 Ndf6 17. Ng3 Ng4 18. Be2 Nxg3 19. hxg3 h5 20. Bf3 Bf5 21. Rfe1 h4 22. gxh4 Qh2+ 23. Kf1 Qxh4 24. Bxg4 Bxg4 25. f3 Qh1+ 26. Kf2 Qh4+ 27. Kg1 Bf5 28. Qf2 Qg5 29. e4 dxe4 30. fxe4 Bg4 31. Rd3 Re6 32. Rg3 Rh6 33. Rf1 Qh5 34. Qf4 Qh2+ 35. Kf2 Rf6 36. Qxf6 gxf6 37. Rxg4+ Kf8 38. Ne2 Qh5 39. Rf4 Qg5 40. Kg1 Ke7 41. R1f2 Rg8 42. Nc1 Rg6 43. Nd3 Qb5 44.
Nc5 Qc4 45. e5 fxe5 46. Rxf7+ Qxf7 47. Rxf7+ Kxf7 48. dxe5 b6 49. Nxa6 Ke6 50. Nb4 c5 51.
Nd3 Rg3 52. Nc1 Kxe5 53. Kf2 Rg7 54. Kf3 Kd4 55. g4 Rf7+ 56. Kg3 Rf1 57. Ne2+ Ke3 58. Nc3 Rg1+ 59. Kh4 Kf4 60. Nd5+ Kf3 61. g5 Rh1# 0-1

[Event "*** Titled Tuesday 3|2 Blitz"]
[Site "Chess.com"]
[Date "2017.03.07"]
[Round "11"]
[White "GM_Splinter"]
[Black "popov_m"]
[Result "1-0"]
[WhiteElo "2337"]
[BlackElo "2403"]
[TimeControl "180+2"]
[EndTime "15:39:29 PST"]
[Termination "GM_Splinter won by resignation"]

1. e4 e6 2. d4 d5 3. Nd2 Nc6 4.
Ngf3 Nf6 5. e5 Nd7 6. Bd3 f6 7.
exf6 Nxf6 8. O-O Bd6 9. Re1 O-O 10. Nf1 Bd7 11. c3 Qe8 12. Ne5 Bxe5 13. dxe5 Nh5 14.
Ng3 Nxg3 15. hxg3 Qf7 16. Qc2 g6 17. Bh6 Rfe8 18. Re3 Ne7 19. g4 Kh8 20. Rf3 Qg8 21. Bg5 Kg7 22. Bf6+ Kf7 23. Qd2 Rf8 24. Qg5 Nc6 25.
Bd8+ Ke8 26. Bxc7 Rxf3 27. gxf3 Qf7 28. f4 Ne7 29. Bd6 Bc6 30. Re1 Kd7 31. Kh2 Rf8 32. Kg3 Rg8 33. Bxe7 Qxe7 34. Qxe7+ Kxe7 35. Rh1 Rg7 36.
Rh6 Kf8 37. Kh4 Kg8 38. Kg5 Rf7 39. f5 gxf5 40. gxf5 exf5 41. Bxf5 Rg7+ 42. Kf6 Rf7+ 43. Kg5 Rg7+ 44. Kf4 Rg2 45. Ke3 Rg5 46. Rf6 h5 47. e6 Rg7 48. Kf4 h4 49. Ke5 Rg5 50. Rh6 d4 51. cxd4 Kf8 52. Rxh4 Bg2 53. Rh8+ Kg7 54. Rh7+ Kg8 55. Rf7 Bh3 56. d5 Bg2 57. d6 1-0

[Event "*** Titled Tuesday 3|2 Blitz"]
[Site "Chess.com"]
[Date "2017.03.07"]
[Round "11"]
[White "poummba"]
[Black "spectralsoul"]
[Result "1-0"]
[WhiteElo "2371"]
[BlackElo "2587"]
[TimeControl "180+2"]
[EndTime "15:39:31 PST"]
[Termination "poummba won by resignation"]

1. e4 d6 2. d4 Nf6 3. Nc3 g6 4. Bc4 Bg7 5. Qe2 Nc6 6. Nf3 Bg4 7.
Be3 Nd7 8. Rd1 O-O 9. O-O e5 10. d5 Nd4 11. Bxd4 exd4 12. Nb1 Ne5 13. Nbd2 Re8 14. h3 Bxf3 15. Nxf3 Nxc4 16. Qxc4 Rxe4 17. Nxd4 Qe7 18. c3 Re8 19. Qb3 b6 20. Nc6 Qg5 21. Nxa7 Re2 22. Nb5 R8e7 23. Nd4 R2e4 24. Nf3 Qf4 25.
Qc2 Re2 26. Rd2 R2e4 27. Qd3 g5 28. g3 Qf5 29. Kg2 h5 30. Re1 g4 31. hxg4 hxg4 32. Nh4 Qe5 33. Rxe4 Qxe4+ 34. Qxe4 Rxe4 35. Nf5 Bf6 36. Kf1 Kh7 37. Re2 Ra4 38. a3 Kg6 39. Ne7+ Kg5 40. Nc6 Rc4 41. Ke1 Rc5 42. Nb4 Rc4 43.
Kd2 b5 44. Kd3 Kf5 45. Re8 Be5 46. a4 Re4 47. axb5 Re1 48. Re7 Rd1+ 49. Kc4 f6 50. Rxc7 Rb1 51. b6 Rxb2 52. b7 Rxf2 53. b8=Q Ke4 54. Qc8 f5 55. Rf7 Rf3 56. Kb5 Bxc3 57. Qe6+ Be5 58. Nc6 Rf2 59. Nxe5 dxe5 60. d6 1-0

[Event "*** Titled Tuesday 3|2 Blitz"]
[Site "Chess.com"]
[Date "2017.03.07"]
[Round "11"]
[White "GMCanty"]
[Black "B-man"]
[Result "0-1"]
[WhiteElo "2335"]
[BlackElo "2484"]
[TimeControl "180+2"]
[EndTime "15:39:42 PST"]
[Termination "B-man won by resignation"]

1. e4 e5 2. Nf3 Nc6 3. d4 exd4 4.
Bc4 Nf6 5. e5 d5 6. Bb5 Ne4 7.
Nxd4 Bc5 8. Be3 O-O 9. Nxc6 bxc6 10. Bxc5 Nxc5 11. Bxc6 Ba6 12. Nc3 d4 13. Bxa8 Qxa8 14. Qxd4 Rd8 15. Qh4 Ne6 16. f3 Qb7 17. Rd1 Re8 18.
b4 Qc6 19. Nd5 Qxc2 20. Qf2 Qc4 21. f4 c6 22. Ne3 Qxb4+ 23. Qd2 Qxf4 24. Nf1 Qxe5+ 25.
Qe3 Qa5+ 26. Kf2 Qxa2+ 27. Rd2 Qc4 28. Ng3 g6 29. Re1 h5 30. Ne4 Kg7 31. Nd6 Qh4+ 32. Qg3 Qxg3+ 33. hxg3 Rd8 34. Rxe6 fxe6 35. Nf5+ exf5 36.
Rxd8 Bc4 37. Rd7+ Kf6 38. Rxa7 Bd5 39. Rc7 Kg5 40. Rc8 Kf6 41. Rc7 Ke5 42. Rg7 Kf6 43. Rc7 Kg5 44. Rc8 Be4 45. Rc7 Kf6 46. Rc8 Kg5 47.
Rc7 Kg4 48. Rg7 f4 49. gxf4 Kxf4 50. Rg8 Ke5 51. Rf8 c5 52. Rc8 Kd4 53. g3 c4 54.
Ke1 Bd3 55. Kd2 Ke4 56. Rf8 Kd4 57. Rd8+ Ke4 58. Rf8 Ke5 59. Kc3 Ke4 60. Rf4+ Ke3 61. Rf8 Bf5 62. Kxc4 Kf3 63. Kd4 Kxg3 64. Ke3 h4 65.
Rh8 h3 66. Ke2 Kg2 67. Ke3 h2 68. Kf4 h1=Q 69. Rxh1 Kxh1 70. Kg5 Kg2 71. Kf4 Kh3 72.
Kg5 Kg3 73. Kh6 Kf4 74. Kg7 g5 0-1